 Dungeon Crawl Stone Soup version 0.20-a0-1006-ge6c5631 (webtiles) character file.

350 Rrauwl the Skirmisher (level 6, -5/51 HPs)
             Began as a Formicid Abyssal Knight on Apr 14, 2017.
             Was a Believer of Lugonu.
             Killed from afar by Natasha (7 damage)
             ... with a magic dart
             ... on level 2 of the Dungeon.
             The game lasted 00:08:04 (1811 turns).

Rrauwl the Skirmisher (Formicid Abyssal Knight)     Turns: 1811, Time: 00:08:05

Health: -5/51      AC:  2    Str: 18    XL:     6   Next: 92%
Magic:  8/8        EV: 12    Int: 12    God:    Lugonu [**....]
Gold:   161        SH:  0    Dex: 10    Spells: 5/5 levels left

rFire    . . .     SeeInvis +   a - +2 mace
rCold    . . .     Gourm    .   (no shield)
rNeg     . . .     Faith    .   p - +0 leather armour
rPois    .         Spirit   .   (helmet unavailable)
rElec    .         Reflect  .   o - +0 cloak
rCorr    .         Harm     .   (no gloves)
MR       .....                  (no boots)
Stlth    +.........             (no amulet)
Regen    0.2/turn               m - -2 ring of protection (curse)
MPRegen  0.2/turn               (no ring)

@: no status effects
A: permanent stasis, dig shafts and tunnels, four strong arms, antennae 3,
hooves 1, low mp 1
a: Dig, Shaft Self, Depart the Abyss, Bend Space, Renounce Religion


You were on level 2 of the Dungeon.
You worshipped Lugonu.
Lugonu was pleased with you.
You were not hungry.

You visited 1 branch of the dungeon, and saw 2 of its levels.
You visited the Abyss 1 time.

You collected 161 gold pieces.

Inventory:

Hand Weapons
 a - a +2 mace (weapon)
 b - a +0 hunting sling
 q - a +3 short sword of venom
Missiles
 f - 100 stones (quivered)
Armour
 o - a +0 cloak (worn)
 p - a +0 leather armour (worn)
Jewellery
 m - a cursed -2 ring of protection (left hand)
Scrolls
 e - a scroll of enchant weapon
 h - a scroll of enchant armour {unknown}
 j - a scroll of amnesia {unknown}
 l - a scroll of immolation {unknown}
 n - a scroll of blinking {unknown}
Potions
 k - 2 potions of cancellation
Comestibles
 c - 2 bread rations
 d - 3 meat rations
 g - 10 fruits
 i - a chunk of flesh


   Skills:
 + Level 5.2 Fighting
 + Level 3.2 Maces & Flails
 + Level 1.3 Slings
 + Level 3.4 Armour
 - Level 2.1 Dodging
 + Level 3.9 Invocations


You had 5 spell levels left.
You didn't know any spells.

Dungeon Overview and Level Annotations

Branches:
Dungeon (2/15)

Altars:
Uskayaw

Annotations:
D:2 Natasha


Innate Abilities, Weirdness & Mutations

You cannot be hasted, slowed, berserked, paralysed or teleported.
You can dig through walls and to a lower floor.
Your four strong arms can wield two-handed weapons with a shield.
You have a pair of large antennae on your head. (SInv)
You have large cloven feet.
Your magical capacity is low. (-10% MP)


Message History

You hit the goblin.
You kill the goblin!
Lugonu accepts your kill. Natasha claws you.
* * * LOW HITPOINT WARNING * * *
You hit Natasha. You kick Natasha, but do no damage.
Natasha is severely wounded.
The shadow imp disappears in a puff of smoke!
Natasha mumbles some strange words.
You hit Natasha.
Natasha is almost dead.
Natasha stares at you and mumbles some strange words.
The magic dart hits you!
* * * LOW HITPOINT WARNING * * *
The crimson imp blinks!
You hit Natasha but do no damage. You kick Natasha, but do no damage.
Natasha is almost dead.
Natasha stares at you and mumbles some strange words.
The magic dart hits you!
You die...

##.#.########' #.#.# #....
#...#####.... ######
#......##.... #....#
#............
#....####..##.#.###)
#...5.......#.#<# #.
########'######..#.#####.
.....###@##<.....#....##.
.###....#h######.#####.##.
.._..%8..§# #>.........
.%)!....5§# ######..#..
......8..+# #......#..
....?..(......# #......#..
......8..(..... #......#..
.....(.)....... #####+##..
#######......$. #..


You could see Natasha, a crimson imp and a shadow imp.

Vanquished Creatures
  Sigmund (D:2)
  A fire bat (Abyss:2)
  An adder (D:2)
  An ooze (D:2)
  A worm (D:2)
  A leopard gecko (D:1)
  2 ball pythons (D:1)
  A giant cockroach (D:1)
  6 goblins
  A hobgoblin (D:2)
  4 kobolds
  10 bats
  A frilled lizard (D:1)
  9 rats
40 creatures vanquished.

Notes
Turn   | Place    | Note
-------+----------+-------------------------------------------
     0 | Abyss:1  | Rrauwl the Formicid Abyssal Knight began the quest for the Orb.
     0 | Abyss:1  | Reached XP level 1. HP: 18/18 MP: 2/2
    99 | Abyss:1  | Noticed a bone dragon
   107 | Abyss:1  | Noticed an ice dragon skeleton
   108 | Abyss:1  | Noticed a shadow
   144 | Abyss:2  | Noticed a fire bat
   145 | Abyss:2  | Noticed a fire bat
   146 | Abyss:2  | Gained mutation: Your magical capacity is low. (-10% MP) [potion of mutation]
   146 | Abyss:2  | Gained mutation: You have large cloven feet. [potion of mutation]
   151 | Abyss:2  | Killed a fire bat
   151 | Abyss:2  | Reached skill level 4 in Fighting
   151 | Abyss:2  | Reached skill level 1 in Dodging
   151 | Abyss:2  | Reached XP level 2. HP: 26/26 MP: 4/4
   151 | Abyss:2  | Reached XP level 3. HP: 32/32 MP: 4/4
   151 | Abyss:2  | Reached XP level 4. HP: 38/38 MP: 5/5
   151 | Abyss:2  | Reached XP level 5. HP: 43/43 MP: 6/6
   190 | D:1      | Escaped the Abyss
   947 | D:1      | Reached ** piety under Lugonu
  1625 | D:2      | Noticed Sigmund
  1640 | D:2      | Killed Sigmund
  1640 | D:2      | Reached skill level 5 in Fighting
  1640 | D:2      | Reached skill level 1 in Slings
  1640 | D:2      | Reached XP level 6. HP: 51/51 MP: 6/8
  1780 | D:2      | Found a hide-covered altar of Uskayaw.
  1786 | D:2      | Noticed Natasha
  1810 | D:2      | HP: 2/51 [Natasha/magic dart (7)]
  1811 | D:2      | Killed from afar by Natasha

Vault maps used:
D:1:      minmay_arrival_nine_rooms
D:2:      eat_drink_and_be_merry_uskayaw, first_bread, uniq_sigmund,
          uniq_natasha

Skill      XL: |  1  2  3  4  5 |
---------------+----------------+-----
Fighting       | 4 5 |  5.2
Dodging        | 1 2 |  2.1
Invocations    | 3 |  3.9
Maces & Flails | 3 |  3.2
Slings         | 1 |  1.3
Armour         | 3 |  3.4

Action                   |  1- 3 |  4- 6 || total
-------------------------+-------+-------++-------
Melee: Mace              |     4 |   108 ||   112
       Short sword       |       |    11 ||    11
       Kick              |       |    10 ||    10
 Fire: Hunting sling     |       |    33 ||    33
  Use: Potion            |     2 |     3 ||     5
       Scroll            |     1 |     4 ||     5
  Eat: Chunk             |       |     3 ||     3
Armor: Skin              |    16 |    32 ||    48
       Leather armour    |       |    35 ||    35
Dodge: Dodged            |     2 |    88 ||    90
